 Dungeon Crawl Stone Soup version 0.20.1-1-g8b1a95d (webtiles) character file.

2013 mortelune the Cleaver (level 9, -6/81 HPs)
             Began as a Minotaur Berserker on Oct 30, 2017.
             Was an Elder of Trog.
             Mangled by an ice beast (14 damage)
             ... on level 8 of the Dungeon.
             The game lasted 00:25:13 (5197 turns).

mortelune the Cleaver (Minotaur Berserker)          Turns: 5197, Time: 00:25:17

Health: -6/81      AC: 14    Str: 26    XL:     9   Next: 2%
Magic:  8/8        EV:  8    Int:  4    God:    Trog [****..]
Gold:   277        SH:  4    Dex:  9    Spells: 8/8 levels left

rFire    . . .     SeeInvis .   a - +0 hand axe
rCold    . . .     Gourm    .   y - +2 buckler
rNeg     . . .     Faith    .   e - +4 chain mail
rPois    .         Spirit   .   (helmet restricted)
rElec    .         Reflect  .   (no cloak)
rCorr    .         Harm     .   (no gloves)
MR       .....                  (no boots)
Stlth    ..........             (no amulet)
Regen    0.3/turn               (no ring)
MPRegen  0.2/turn               (no ring)

@: marked, berserk cooldown, starving, slowed, very slow
A: retaliatory headbutt, horns 2
a: Berserk, Trog's Hand, Brothers in Arms, Burn Spellbooks, Renounce Religion


You were on level 8 of the Dungeon.
You worshipped Trog.
Trog was greatly pleased with you.
You were starving.

You visited 2 branches of the dungeon, and saw 8 of its levels.
You also visited: Sewer.

You collected 277 gold pieces.

Inventory:

Hand Weapons
 a - a +0 hand axe (weapon)
Armour
 b - a +0 animal skin
 e - a +4 chain mail (worn)
 y - a +2 buckler (worn)
 A - a +2 large shield
Jewellery
 v - an uncursed ring of see invisible {unknown}
 D - an uncursed amulet of rage {unknown}
Scrolls
 d - 3 scrolls of teleportation {unknown}
 i - a scroll of magic mapping {unknown}
 l - a scroll of noise
 o - 3 scrolls of recharging {unknown}
 p - 2 scrolls of fear {unknown}
 q - 3 scrolls of blinking {unknown}
 s - 7 scrolls of identify
 t - a scroll of fog {unknown}
 x - a scroll of random uselessness {unknown}
 C - a scroll of remove curse {unknown}
Potions
 f - 2 potions of heal wounds {unknown}
 h - 3 potions of flight
 j - 4 potions of curing
 k - 4 potions of lignification {unknown}
 m - 2 potions of berserk rage {unknown}
 n - a potion of degeneration {unknown}
 r - 2 potions of magic {unknown}
 u - 2 potions of might {unknown}
 w - a potion of haste {unknown}
 z - 3 potions of cancellation {unknown}
Comestibles
 c - 6 bread rations
 g - 2 fruits
 B - a royal jelly


   Skills:
 + Level 8.1 Fighting
 * Level 10.4 Axes
 + Level 7.4 Armour
 - Level 2.3 Dodging


You had 8 spell levels left.
You didn't know any spells.

Dungeon Overview and Level Annotations

Branches:
Dungeon (6/15)             Temple (1/1) D:6

Altars:
Ashenzari
Cheibriados
Dithmenos
Elyvilon
Gozag
Hepliaklqana
Kikubaaqudgha
Makhleb
Nemelex Xobeh
Qazlal
Ru
Sif Muna
Trog
Uskayaw
Xom
Yredelemnul
Zin

Annotations:
D:8 flt's ghost, novice OpAs


Innate Abilities, Weirdness & Mutations

You reflexively headbutt those who attack you in melee.
You have a pair of horns on your head.


Message History

Flt's ghost (novice Octopode Assassin) comes into view.
Things that are here:
a mace; 7 tomahawks of dispersal; a chain mail The hippogriff bites you but does no damage.
The hippogriff pecks you but does no damage.
The hippogriff claws you but does no damage.
You see here 2 stones.
You hit the ice beast.
The ice beast is almost dead.
You hit the hippogriff.
The ice beast hits you but does no damage.
The hippogriff bites you!
* * * LOW HITPOINT WARNING * * *
The hippogriff pecks you but does no damage.
The hippogriff claws you but does no damage.
The orc wizard casts a spell.
The orc wizard seems to speed up.
The ice beast hits you.
* * * LOW HITPOINT WARNING * * *
The ice beast freezes you!
You die...

# .##### ........#
..... ........# ...
#........ ?.# .
#.......####.#####.#
#..................#
#.!...W..#..(...#
#.......####o..(###
........@Hao......#
#######.YY#†..(.#.#
#...#..##.# #
#...#a.# .#
#...#..## #
#...#...# #####.#.#
#.#.# #.#.#


You could see a hippogriff, 2 ice beasts, a worker ant, an orc wizard, flt's
ghost and an orc.

Vanquished Creatures
  A hippogriff (D:8)
  Sigmund (D:4)
  A wyvern (D:8)
  Purgy (Sewer)
  2 orc warriors (D:8)
  An ice beast (D:5)
  A necrophage (D:8)
  A centaur (D:4)
  A big kobold (D:8)
  A bullfrog (D:8)
  2 scorpions
  2 vampire bats (D:5)
  A howler monkey (D:4)
  2 jellies (D:5)
  A bullfrog zombie (D:8)
  3 orc priests
  3 iron imps (D:4)
  3 orc wizards
  Jessica (D:2)
  Terence (D:2)
  2 worker ants (D:4)
  A hound zombie (D:6)
  8 adders
  2 oozes
  A worm (D:2)
  2 dart slugs
  3 leopard geckos
  16 orcs
  4 bats
  3 bat skeletons (D:5)
  3 bat zombies (D:5)
  4 giant cockroaches
  A goblin (D:2)
  7 hobgoblins
  6 jackals
  10 kobolds
  2 quokkas
  4 ball pythons
  8 frilled lizards
  A leopard gecko skeleton (D:5)
  4 rats
122 creatures vanquished.

Notes
Turn   | Place    | Note
-------+----------+-------------------------------------------
     0 | D:1      | mortelune the Minotaur Berserker began the quest for the Orb.
     0 | D:1      | Reached XP level 1. HP: 19/19 MP: 0/0
   741 | D:2      | Reached XP level 2. HP: 16/27 MP: 1/1
   866 | D:2      | Reached skill level 4 in Axes
  1041 | D:2      | Noticed Jessica
  1056 | D:2      | Killed Jessica
  1056 | D:2      | Reached XP level 3. HP: 33/33 MP: 2/2
  1097 | D:2      | Noticed Terence
  1143 | D:2      | Killed Terence
  1143 | D:2      | Reached XP level 4. HP: 41/41 MP: 3/3
  1778 | D:3      | Reached skill level 5 in Axes
  1847 | D:3      | Reached ** piety under Trog
  1970 | D:3      | Reached XP level 5. HP: 47/47 MP: 4/4
  2370 | D:4      | Found a burning altar of Makhleb.
  2384 | D:4      | Reached skill level 5 in Fighting
  2556 | D:4      | Noticed Sigmund
  2679 | D:4      | Reached skill level 6 in Axes
  2679 | D:4      | Reached XP level 6. HP: 51/56 MP: 5/5
  2735 | D:4      | Found a glowing drain.
  2754 | Sewer    | Entered a sewer
  2777 | Sewer    | Noticed Purgy
  2796 | Sewer    | Killed Purgy
  3259 | D:4      | Reached *** piety under Trog
  3266 | D:4      | Reached skill level 7 in Axes
  3266 | D:4      | Reached skill level 5 in Armour
  3266 | D:4      | Reached XP level 7. HP: 29/63 MP: 6/6
  3459 | D:4      | Found a sacrificial altar of Ru.
  3494 | D:4      | Killed Sigmund
  3624 | D:4      | Found a sparkling altar of Nemelex Xobeh.
  3791 | D:5      | Entered Level 5 of the Dungeon
  3887 | D:5      | Reached skill level 8 in Axes
  4055 | D:5      | Found an ancient bone altar of Kikubaaqudgha.
  4150 | D:5      | Reached XP level 8. HP: 62/71 MP: 7/7
  4432 | D:5      | Found a hide-covered altar of Uskayaw.
  4483 | D:6      | Found a staircase to the Ecumenical Temple.
  4506 | Temple   | Entered the Ecumenical Temple
  4962 | D:6      | You fall through a shaft for 2 floors!
  4974 | D:8      | Reached skill level 9 in Axes
  5174 | D:8      | Noticed a hippogriff
  5178 | D:8      | Noticed a hippogriff
  5179 | D:8      | Reached **** piety under Trog
  5184 | D:8      | Reached skill level 10 in Axes
  5188 | D:8      | Killed a hippogriff
  5194 | D:8      | Reached XP level 9. HP: 40/81 MP: 8/8
  5196 | D:8      | Noticed flt's ghost (novice OpAs)
  5197 | D:8      | Mangled by an ice beast

Skill      XL: |  1  2  3  4  5  6  7  8 |
---------------+-------------------------+-----
Fighting       | 4 5 6 8 |  8.1
Axes           | 4 5 6 7 8 10 | 10.4
Armour         | 3 4 5 6 7 |  7.4
Dodging        | |  2.3

Action                   |  1- 3 |  4- 6 |  7- 9 || total
-------------------------+-------+-------+-------++-------
Melee: Hand axe          |    60 |   159 |   132 ||   351
       Headbutt          |     7 |    29 |    26 ||    62
Invok: Berserk           |     2 |     1 |     2 ||     5
  Use: Scroll            |       |     3 |       ||     3
       Potion            |       |     2 |       ||     2
  Eat: Chunk             |     2 |     6 |     2 ||    10
       Meat ration       |       |     1 |       ||     1
       Fruit             |       |       |     1 ||     1
Armor: Chain mail        |    38 |   105 |    70 ||   213
Dodge: Dodged            |    24 |    73 |    54 ||   151
Block: Buckler           |       |       |    23 ||    23
